Map: Proxima Station LE

Players

bgdaddy

  • Race: Terran Terran
  • League: Diamond
  • Spawn Location: 1:00

Fropez - Winner!

  • Race: Protoss Protoss
  • League: Platinum
  • Spawn Location: 7:00

VOD

Have the link to the VOD?

Description

Time

  • Played on: Jan. 29, 2017, 11:29 p.m.
  • Length: 12:49
Show
View Real Time Build Order
Export as new Build Order

bgdaddy Terran 

Build Orders: MMM Bio 

Get SALT Encoding   

  12  0:03  SCV  
  13  0:15  SCV  
  13  0:21  Supply Depot  
  14  0:27  SCV  
  16  0:42  SCV  
  16  0:46  Barracks  
  16  0:52  Refinery  
  16  0:54  SCV  
  17  1:07  SCV  
  17  1:09  Engineering Bay  
  18  1:19  SCV  
  19  1:31  SCV  
  20  1:37  Supply Depot  
  20  1:38  Marine  
  21  1:43  Missile Turret  
  21  1:46  Orbital Command  
  21  1:56  Marine, Supply Depot  
  22  2:06  Barracks  
  22  2:19  Barracks Reactor  
  22  2:35  Barracks  
  22  2:52  Command Center  
  22  3:01  Barracks Tech Lab  
  22  3:04  Barracks  
  22  3:12  Terran Infantry Weapons Level 1  
  22  3:18  Factory  
  22  3:21  Refinery  
  22  3:27  Barracks  
  22  3:30  Barracks Tech Lab  
  22  3:31  Concussive Shells  
  24  3:41  Marauder  
  24  3:49  Marauder  
  28  4:03  Marauder  
  28  4:09  Supply Depot  
  28  4:14  Orbital Command  
  28  4:27  Armory  
  28  4:35  SCV  
  29  4:41  Barracks Tech Lab  
  29  4:42  Barracks Tech Lab  
  29  4:47  SCV, Marauder  
  32  4:53  SCV  
  32  4:59  SCV  
  34  5:04  Stimpack  
  34  5:05  SCV  
  34  5:06  Terran Infantry Armor Level 1  
  35  5:11  SCV  
  36  5:16  Marine  
  36  5:17  Marine, SCV  
  39  5:21  Combat Shields  
  39  5:23  SCV  
  40  5:29  SCV  
  41  5:35  SCV  
  41  5:39  Marauder x2  
  41  5:40  Factory Reactor  
  46  5:44  SCV  
  46  5:48  SCV  
  48  5:55  Marauder  
  48  5:56  Marine, SCV, Marauder  
  54  6:00  SCV, Marauder  
  57  6:08  SCV, Supply Depot  
  58  6:11  Marauder  
  58  6:12  SCV  
  61  6:20  SCV  
  61  6:22  Refinery  
  61  6:24  Refinery  
  62  6:30  SCV, Marauder x2  
  67  6:32  SCV  
  67  6:36  Supply Depot  
  68  6:42  SCV  
  68  6:45  SCV  
  70  6:57  SCV x2, Cyclone x2  
  70  7:01  Supply Depot  
  78  7:22  SCV x2, Marauder  
  84  7:23  Marauder  
  84  7:30  Command Center  
  84  7:31  Marauder  
  86  7:47  Supply Depot  
  86  7:48  Supply Depot x2  
  86  8:09  Marine, SCV, Marauder x3, Cyclone  
  86  8:10  Marauder  
  99  8:30  Marauder  
  99  8:31  Marauder x3  
  89  8:48  Orbital Command  
  86  8:52  Marauder x4  
  65  9:12  SCV x2  
  65  9:13  Marauder x3  
  65  9:14  Marauder  
  65  9:23  Marine x2  
  67  9:24  SCV x2  
  69  9:35  Marauder x4  
  69  9:36  SCV x2  
  69  9:37  Terran Infantry Weapons Level 2  
  79  9:41  Marine x2  
  81  9:48  SCV  
  78  9:56  Marauder x3  
  78  9:57  Marauder  
  78  9:59  Marine x2  
  65  10:03  Cyclone  
  68  10:17  Marine x2, Marauder x3  
  68  10:18  Marauder  
  78  10:34  Marine x2  
  64  10:39  Marauder x4  
  56  10:52  Marine x2  
  58  11:00  Marine x3, Marauder  
  63  11:10  Marine, Reaper, Cyclone x2  
  71  11:18  Marauder x2  
  75  11:19  Marauder  
  75  11:22  Marauder  
  79  11:30  Supply Depot  
  79  11:39  Marauder x2  
  83  11:40  Marauder  
  83  11:43  Marauder  
  87  11:48  Widow Mine x2  
  91  12:01  Marauder x3  
  71  12:04  Marauder  
  43  12:16  Widow Mine x2  
Show
View Real Time Build Order
Export as new Build Order

Fropez Protoss - Winner!

Build Orders:  

Get SALT Encoding   

  12  0:01  Probe (Chrono Boost)  
  13  0:11  Probe (Chrono Boost)  
  14  0:18  Pylon  
  14  0:26  Probe (Chrono Boost)  
  15  0:37  Gateway  
  15  0:39  Probe (Chrono Boost)  
  16  0:47  Assimilator  
  16  0:54  Probe (Chrono Boost)  
  17  1:04  Probe (Chrono Boost)  
  18  1:15  Probe (Chrono Boost)  
  19  1:25  Cybernetics Core  
  19  1:26  Probe (Chrono Boost)  
  20  1:36  Probe (Chrono Boost), Assimilator  
  20  1:39  Pylon  
  22  1:47  Probe (Chrono Boost)  
  22  1:50  Pylon  
  22  1:57  Probe (Chrono Boost)  
  23  2:02  Twilight Council  
  24  2:09  Warp Gate  
  23  2:20  Adept  
  26  2:35  Resonating Glaives  
  25  2:51  Adept  
  26  3:03  Nexus  
  26  3:04  Probe (Chrono Boost)  
  27  3:07  Pylon  
  27  3:16  Probe (Chrono Boost), Gateway  
  27  3:18  Adept  
  30  3:29  Probe (Chrono Boost)  
  31  3:41  Probe (Chrono Boost)  
  32  3:47  Gateway  
  32  3:49  Gateway  
  32  3:54  Mothership Core (Chrono Boost)  
  34  4:16  Probe (Chrono Boost)  
  35  4:18  Adept  
  35  4:19  Adept  
  39  4:26  Probe (Chrono Boost)  
  39  4:28  Probe (Chrono Boost)  
  41  4:35  Pylon  
  41  4:37  Probe (Chrono Boost)  
  43  4:40  Probe (Chrono Boost)  
  43  4:48  Adept x2  
  43  4:49  Probe (Chrono Boost)  
  48  4:57  Robotics Facility  
  48  4:59  Pylon  
  48  5:02  Probe (Chrono Boost)  
  48  5:03  Probe (Chrono Boost)  
  48  5:04  Pylon  
  48  5:06  Pylon, Stalker  
  52  5:12  Probe (Chrono Boost), Assimilator  
  53  5:16  Probe (Chrono Boost)  
  54  5:21  Stalker  
  54  5:22  Stalker  
  58  5:34  Adept x2  
  58  5:35  Probe (Chrono Boost)  
  64  5:36  Probe (Chrono Boost)  
  64  5:42  Observer  
  64  5:45  Forge, Probe (Chrono Boost)  
  66  6:07  Adept  
  66  6:08  Adept x3, Immortal  
  78  6:14  Protoss Ground Armor Level 1  
  78  6:23  Pylon, Robotics Facility  
  78  6:30  Sentry x2  
  82  6:34  Probe (Chrono Boost)  
  82  6:36  Probe (Chrono Boost)  
  84  6:40  Assimilator  
  84  6:47  Pylon  
  84  6:53  Photon Cannon  
  84  6:54  Adept  
  84  6:57  Photon Cannon  
  84  6:59  Immortal  
  90  7:03  Photon Cannon  
  90  7:10  Probe (Chrono Boost)  
  90  7:11  Probe (Chrono Boost)  
  90  7:13  Stalker  
  90  7:14  Stalker x2  
  98  7:22  Immortal  
  96  7:38  Pylon  
  96  7:39  Pylon  
  96  7:41  Pylon  
  96  7:53  Sentry x3  
  96  7:58  Protoss Ground Weapons Level 1  
  102  7:59  Adept  
  102  8:05  Immortal  
  108  8:42  Sentry x3  
  114  8:51  Probe x2 (Chrono Boost)  
  105  9:21  Immortal  
  105  9:24  Adept x4  
  107  9:29  Pylon  
  117  9:40  Nexus  
  117  9:43  Pylon  
  115  9:47  Immortal  
  115  9:55  Protoss Ground Weapons Level 2  
  113  10:07  Immortal  
  113  10:09  Adept x4  
  125  10:17  Probe x2 (Chrono Boost)  
  121  10:38  Adept x4  
  121  10:40  Immortal  
  131  10:46  Probe x2 (Chrono Boost)  
  134  10:58  Probe (Chrono Boost)  
  134  11:07  Probe (Chrono Boost)  
  134  11:08  Probe (Chrono Boost)  
  136  11:12  Assimilator  
  136  11:16  Probe (Chrono Boost), Assimilator  
  136  11:17  Pylon  
  137  11:19  Gateway  
  137  11:21  Photon Cannon  
  137  11:27  Warp Prism  
  139  11:35  Observer  
  139  11:37  Adept x4  
  104  12:36  Gateway  
  104  12:37  Probe x2 (Chrono Boost)  
  106  12:38  Zealot  
  106  12:39  Zealot x3  
Tags
 
Composition
MMM Bio
Matchup
PvT
Replay Pack
All Mines
Spawn Locations
Cross Positions
Add a new tag
Caveats
  • Supply blocks, unpowered buildings, or Contaminate may cause inaccurate times.
  • Supply counts are checked every 10 seconds.